 Dungeon Sprint DCSS version 0.15-a0-1206-g3bad1a6 (webtiles) character file.

5350 Infinimo the Brawler (level 10, -3/99 (102) HPs)
             Began as a Minotaur Monk on June 1, 2014.
             Was an Elder of Okawaru.
             Killed from afar by Erolcha (32 damage)
             ... with a crystal spear
             ... in the Dungeon (Sprint III: "The Ten Rune Challenge").
             The game lasted 00:09:20 (3114 turns).

Infinimo the Brawler (Minotaur Monk)                Turns: 3114, Time: 00:09:20

HP  -3/99 (102)  AC 13     Str 25      XL: 10   Next: 38%
MP   2/4         EV  9     Int  7      God: Okawaru [****..]
Gold 1111        SH 13     Dex 12      Spells:  0 memorised,  9 levels left

rFire  . . .     SeeInvis .       - Unarmed
rCold  . . .     Clarity  .     m - +0 chain mail
rNeg   . . .     rCorr    .     a - +0 buckler
rPois  .         rRot     .     (helmet restricted)
rElec  .         Spirit   .     (no cloak)
SustAb .         Warding  .     (no gloves)
rMut   .         NoTele   +     (no boots)
Gourm  .                        (no amulet)
MR     .....                    (no ring)
                                i - +5 ring of strength

@: heroism, not resistant to hostile enchantments, extremely unstealthy
A: retaliatory headbutt, horns 2
a: Heroism, Renounce Religion


You were in the Dungeon.
You worshipped Okawaru.
Okawaru was greatly pleased with you.
You were hungry.

You visited 1 branch You collected 1111 gold pieces.

Inventory:

Armour
 a - a +0 buckler (worn)
 m - a +0 chain mail (worn)
Magical devices
 j - a wand of enslavement (10)
 k - a wand of confusion (9) {unknown}
Comestibles
 b - a bread ration
 o - 3 fruits
 t - 2 royal jellies
Scrolls
 h - a scroll of blinking
Jewellery
 i - a +5 ring of strength (left hand)
Potions
 c - 2 potions of curing
 d - a potion of heal wounds
 e - a potion of haste
 f - 2 potions of magic
 g - a potion of berserk rage
 v - 2 potions of flight
Books
 n - a book of Debilitation

   Spells                             Type                      Level
   Corona                             Hexes                        1
   Slow                               Hexes                        2
   Inner Flame                        Hexes/Fire                   3
   Enslavement                        Hexes                        4
   Cause Fear                         Hexes                        4
   Leda's Liquefaction                Hexes/Earth                  4
Miscellaneous
 l - an ornate deck of summonings


   Skills:
 - Level 13.9(18.9) Fighting
 + Level 8.8(13.8) Armour
 - Level 3.2(8.2) Dodging
 - Level 2.2(7.2) Stealth
 - Level 5.0(10.0) Shields
 * Level 20.4(25.4) Unarmed Combat


You had 9 spell levels left.
You didn't know any spells.

Dungeon Overview and Level Annotations

Branches:
Dungeon (1/1)

Altars:
Cheibriados
Dithmenos
Elyvilon
Fedhas
Gozag
Kikubaaqudgha
Makhleb
Nemelex Xobeh
Okawaru
Qazlal
Sif Muna
Trog
Vehumet
Xom
Yredelemnul
Zin
The Shining One
Beogh
Jiyva
Lugonu

Shops:
D =

Annotations:
D Erolcha


Innate Abilities, Weirdness & Mutations

You reflexively headbutt those who attack you in melee.
You have a pair of horns on your head.


Message History

The hill giant hits you with a giant spiked club!!
The hill giant is lightly wounded.
You furiously retaliate!
You headbutt the hill giant, but do no damage.
You pummel the hill giant!!
The hill giant is moderately wounded.
The hill giant is moderately wounded.
The hill giant hits you with a giant spiked club!!
Use which ability? (? or * to list)
You gain the combat prowess of a mighty hero.
You are feeling hungry.
The hill giant hits you with a giant spiked club!!
* * * LOW HITPOINT WARNING * * *
You pulverise the hill giant!!!
You kill the hill giant!
Okawaru accepts your kill.
You start resting.
Erolcha casts a spell at you. The crystal spear hits you!
You die...

__#._#∩#.....'.#...#*,,,,+, ,,,,*
)_#.........##.#...#*≈≈≈≈**,,* ,*
(##........#.#.#e..≈≈≈,,,,,,,,*,*
..#........###.#e..##≈≈ ≈**,,**,*
(.#.####....#*.e.e.#*,,, +,,,,,,*
#'#)#,#..#.##*######********* **
).#)##############*** **********
..#.)(.#.#.#..)..#,,,,,, ,,,≈≈*,*
..##[#).#.##.###@#,,,,, *,,,≈≈***
.))##)#.#.##.#.)##,,,,,,* ,,≈≈≈≈*
.[#().#..#.)##.O ,,,,,,, ,,,≈≈≈≈*
▓▓▓▓▓▓▓▓▓▓▓▓▓▓▓▓*,,,,,,,*, ,,,,,*
≈,,,,,,,,≈≈≈,, *,,,,,,,*, ,,,,,*
≈≈≈ ≈≈≈≈≈≈≈≈** , ,,,,,,,*,,,,,,,*
**************, *,, ,,,,*********
* ***+**************
**************** ,,+,≈≈≈≈**≈,≈≈≈


You could see Erolcha.

Vanquished Creatures
  4 deep elf knights (D)
  A deep elf summoner (D)
  An orc knight (D)
  An orc sorcerer (D)
  A deep elf priest (D)
  A shadow (D)
  A spatial vortex (D)
  2 hill giants (D)
  An orc warrior (D)
  A necrophage (D)
  3 two-headed ogres (D)
  A water elemental (D)
  A scorpion (D)
  4 orc priests (D)
  A wizard (D)
  A jelly (D)
  An orc wizard (D)
  A necromancer (D)
  A kobold demonologist (D)
  3 humans (D)
  Jessica (D)
  A giant mite (D)
  An ooze (D)
  10 orcs (D)
  2 orc skeletons (D)
  A rat (D)
47 creatures vanquished.

Vanquished Creatures (others)
  2 draconian scorchers (D)
  A yaktaur (D)
  An electric eel (D)
  2 plants (D)
6 creatures vanquished.

Grand Total: 53 creatures vanquished

Notes
Turn   | Place    | Note
--------------------------------------------------------------
     0 | D        | Infinimo, the Minotaur Monk, began the quest for the Orb.
     0 | D        | Reached XP level 1. HP: 19/19 MP: 1/1
    46 | D        | Reached skill level 5 in Unarmed Combat
    46 | D        | Reached XP level 2. HP: 25/28 MP: 1/1
    47 | D        | Noticed Jessica
    59 | D        | Killed Jessica
    59 | D        | Reached skill level 5 in Fighting
    59 | D        | Reached skill level 6 in Unarmed Combat
   250 | D        | Killed a white draconian scorcher
   315 | D        | Killed a white draconian scorcher
   353 | D        | Reached skill level 7 in Unarmed Combat
   353 | D        | Reached XP level 3. HP: 33/37 MP: 2/2
   360 | D        | Noticed a scorpion
   369 | D        | Killed a scorpion
   369 | D        | Reached skill level 8 in Unarmed Combat
   369 | D        | Reached XP level 4. HP: 22/47 MP: 2/2
   597 | D        | Gained mutation: Your magical capacity is low (-10% MP). [potion of mutation]
   597 | D        | Gained mutation: Armour fits poorly on your strangely shaped body. [potion of mutation]
   598 | D        | Lost mutation: Armour fits poorly on your strangely shaped body. [potion of cure mutation]
   598 | D        | Lost mutation: Your magical capacity is low (-10% MP). [potion of cure mutation]
   639 | D        | Noticed a water elemental
   644 | D        | Killed a water elemental
   644 | D        | Reached skill level 10 in Unarmed Combat
   644 | D        | Reached XP level 5. HP: 49/53 MP: 2/2
   647 | D        | Found a glowing silver altar of Zin.
   648 | D        | Found a glowing golden altar of the Shining One.
   648 | D        | Found a white marble altar of Elyvilon.
   648 | D        | Noticed a deep elf priest
   660 | D        | Killed a deep elf priest
   660 | D        | Reached skill level 10 in Fighting
   660 | D        | Reached skill level 12 in Unarmed Combat
   660 | D        | Reached XP level 6. HP: 47/67 MP: 3/3
   758 | D        | Found an iron altar of Okawaru.
   758 | D        | Found a bloodstained altar of Trog.
   758 | D        | Noticed a human
   758 | D        | Noticed a human
   796 | D        | Killed a human
   796 | D        | Reached skill level 13 in Unarmed Combat
   796 | D        | Reached XP level 7. HP: 62/74 MP: 3/3
   800 | D        | Killed a human
   800 | D        | Reached skill level 14 in Unarmed Combat
   828 | D        | Became a worshipper of Warmaster Okawaru
   828 | D        | Acquired Okawaru's first power
   836 | D        | Found a basalt altar of Yredelemnul.
   836 | D        | Found a snail-covered altar of Cheibriados.
   836 | D        | Found a blossoming altar of Fedhas.
   836 | D        | Noticed a necrophage
   836 | D        | Noticed a necromancer
   842 | D        | Killed a necrophage
   844 | D        | Killed a necromancer
  1039 | D        | Noticed a jelly
  1040 | D        | Noticed a shadow
  1049 | D        | Killed a jelly
  1057 | D        | Killed a shadow
  1057 | D        | Reached skill level 15 in Unarmed Combat
  1245 | D        | Found a stormy altar of Qazlal.
  1246 | D        | Found a burning altar of Makhleb.
  1246 | D        | Found a viscous altar of Jiyva.
  1246 | D        | Found a shimmering altar of Xom.
  1246 | D        | Found a shadowy altar of Dithmenos.
  1246 | D        | Found a sparkling altar of Nemelex Xobeh.
  1246 | D        | Found a corrupted altar of Lugonu.
  1246 | D        | Found an opulent altar of Gozag.
  1246 | D        | Noticed a spatial vortex
  1252 | D        | Killed a spatial vortex
  1252 | D        | Reached XP level 8. HP: 61/82 MP: 3/3
  1284 | D        | Killed a yaktaur
  1364 | D        | Found a radiant altar of Vehumet.
  1365 | D        | Found a deep blue altar of Sif Muna.
  1365 | D        | Found an ancient bone altar of Kikubaaqudgha.
  1365 | D        | Noticed a wizard
  1365 | D        | Paralysed by a wizard for 4 turns
  1374 | D        | Killed a wizard
  1488 | D        | Noticed a two-headed ogre
  1488 | D        | Noticed a two-headed ogre
  1490 | D        | Noticed a two-headed ogre
  1501 | D        | Killed a two-headed ogre
  1519 | D        | Killed a two-headed ogre
  1665 | D        | Killed a two-headed ogre
  1665 | D        | Reached skill level 16 in Unarmed Combat
  1675 | D        | Noticed a hill giant
  1682 | D        | Killed a hill giant
  1897 | D        | Found a roughly hewn altar of Beogh.
  1898 | D        | Found Shrishraix's Jewellery Shop.
  1898 | D        | Noticed an orc priest
  1899 | D        | Noticed an orc priest
  1899 | D        | Noticed an orc wizard
  1899 | D        | Noticed an orc priest
  1899 | D        | Noticed an orc warrior
  1899 | D        | Noticed an orc priest
  1899 | D        | Noticed an orc knight
  1899 | D        | Noticed an orc sorcerer
  1923 | D        | Killed an orc priest
  1929 | D        | Killed an orc priest
  1999 | D        | Killed an orc priest
  2015 | D        | Killed an orc knight
  2015 | D        | Reached skill level 17 in Unarmed Combat
  2015 | D        | Reached XP level 9. HP: 14/91 MP: 1/4
  2242 | D        | Killed an orc priest
  2242 | D        | Reached skill level 1 in Armour
  2413 | D        | Killed an orc sorcerer
  2424 | D        | Killed an orc warrior
  2424 | D        | Reached skill level 18 in Unarmed Combat
  2667 | D        | Noticed a deep elf knight
  2667 | D        | Noticed a deep elf knight
  2667 | D        | Noticed a deep elf knight
  2667 | D        | Noticed a deep elf knight
  2667 | D        | Noticed a deep elf summoner
  2680 | D        | Killed an electric eel
  2747 | D        | Killed a deep elf knight
  2766 | D        | Killed a deep elf knight
  2766 | D        | Reached skill level 19 in Unarmed Combat
  2801 | D        | Killed a deep elf summoner
  2801 | D        | Reached XP level 10. HP: 56/99 MP: 4/4
  2807 | D        | Killed a deep elf knight
  2807 | D        | Reached skill level 20 in Unarmed Combat
  2862 | D        | Killed a deep elf knight
  2862 | D        | Reached skill level 5 in Shields
  3071 | D        | Killed an orc wizard
  3106 | D        | Noticed a hill giant
  3106 | D        | Noticed Erolcha
  3113 | D        | Killed a hill giant
  3114 | D        | Killed from afar by Erolcha

Action                   |  1- 3 |  4- 6 |  7- 9 | 10-12 || total
-------------------------+-------+-------+-------+-------++-------
Melee: Unarmed           |    30 |    24 |   108 |    17 ||   179
Invok: Heroism           |       |       |     1 |     1 ||     2
Evoke: Wand              |     1 |       |       |       ||     1
  Use: Scroll            |       |     7 |       |       ||     7
       Potion            |       |     3 |       |       ||     3
 Stab: Sleeping          |     1 |     1 |       |       ||     2
